 Dungeon Crawl Stone Soup version 0.23.2-33-g5129a83184 (webtiles) character file.

Game seed: 9334707931587037831

5063 Folks the Conjurer (level 10, -29/60 HPs)
             Began as an Octopode Wizard on Aug 11, 2019.
             Was a Priest of Sif Muna.
             Annihilated by a large slime creature (42 damage)
             ... on level 11 of the Dungeon.
             The game lasted 01:02:05 (11711 turns).

Folks the Conjurer (Octopode Wizard)               Turns: 11711, Time: 01:02:06

Health: -29/60     AC:  1    Str: 12    XL:     10   Next: 56%
Magic:  1/19       EV: 15    Int: 23    God:    Sif Muna [***...]
Gold:   432        SH:  0    Dex: 14    Spells: 5/21 levels left

rFire    + . .     SeeInvis +   w - +3 long sword
rCold    x . .     Gourm    .   (no shield)
rNeg     . . .     Faith    .   a - +0 hat
rPois    .         Spirit   .   (no amulet)
rElec    .         Reflect  .   y - ring of see invisible
rCorr    .         Harm     .   j - ring of fire
MR       +....                  m - ring of protection from magic
Stlth    +++.......             G - +3 ring of dexterity
HPRegen  0.20/turn              (no ring)
MPRegen  0.16/turn              (no ring)
                                (no ring)
                                (no ring)

@: mighty, divine energy
A: almost no armour, stealthy swim, amphibious, 8 rings, constrict 8, camouflage
1, gelatinous body 1
a: Stop Divine Energy, Channel Magic, Renounce Religion


You were on level 11 of the Dungeon.
You worshipped Sif Muna.
Sif Muna was most pleased with you.
You were near starving.

You visited 2 branches of the dungeon, and saw 10 of its levels.

You collected 432 gold pieces.

Inventory:

Hand Weapons
 b - a +0 dagger
 o - a cursed -1 halberd
 q - a +1 hunting sling
 w - a +3 long sword (weapon)
 x - a +0 whip of venom
 C - a +0 halberd
 D - a +0 scimitar
 H - a +3 dagger of venom
 M - a +4 quarterstaff
Missiles
 d - 2 javelins (quivered)
 g - 26 sling bullets
 F - 38 poisoned needles
 J - 2 throwing nets
Armour
 a - a +0 hat (worn)
 l - a +0 buckler
Magical Staves
 B - an uncursed staff of conjuration
Jewellery
 e - an uncursed ring of see invisible
 j - a ring of fire (right tentacle)
 m - a ring of protection from magic (on tentacle)
 y - a ring of see invisible (left tentacle)
 G - a +3 ring of dexterity (on tentacle)
Wands
 s - a wand of random effects (15)
 L - a wand of iceblast (8)
 N - a wand of flame (32)
Scrolls
 f - 2 scrolls of blinking {unknown}
 k - 2 scrolls of enchant weapon
 n - a scroll of fog {unknown}
 p - 4 scrolls of remove curse
 t - 2 scrolls of immolation {unknown}
 z - 2 scrolls of amnesia {unknown}
 A - a scroll of random uselessness {unknown}
 E - 3 scrolls of magic mapping
 K - 6 scrolls of identify
 O - a scroll of enchant armour {unknown}
Potions
 h - 2 potions of degeneration
 i - a potion of heal wounds {unknown}
 r - 4 potions of might
 u - a potion of ambrosia {unknown}
 I - a potion of magic {unknown}
Comestibles
 c - 10 rations


   Skills:
 - Level 2.0 Fighting
 - Level 5.1 Slings
 - Level 4.1 Dodging
 - Level 2.6 Stealth
 + Level 6.1 Spellcasting
 + Level 7.4 Conjurations
 - Level 6.1 Summonings
 - Level 5.2 Translocations
 - Level 3.1 Fire Magic
 - Level 2.1 Air Magic
 - Level 2.1 Poison Magic
 * Level 3.0 Invocations


You had 5 spell levels left.
You knew the following spells:

 Your Spells              Type           Power        Failure   Level  Hunger
a - Magic Dart            Conj           ####         1%          1    None
b - Call Imp              Summ           #####...     1%          2    None
c - Blink                 Tloc           N/A          1%          2    None
d - Mephitic Cloud        Conj/Pois/Air  ####....     4%          3    #......
e - Gell's Gravitas       Tloc           ####......   2%          3    #......
f - Conjure Flame         Conj/Fire      #####...     2%          3    #......
g - Searing Ray           Conj           #####.       1%          2    None

Your spell library contained the following spells:

 Spells                   Type           Power        Failure   Level  Hunger
 Iskenderun's Mystic Bla  Conj           #####...     4%          4    ###....
 Dazzling Spray           Conj/Hex       ###...       5%          3    #......
 Force Lance              Conj/Tloc      #####...     6%          4    ###....
 Confusing Touch          Hex            #.....       9%          1    None
 Slow                     Hex            #.......     13%         2    None
 Fulminant Prism          Conj/Hex       ###.......   19%         4    ###....
 Confuse                  Hex            #.......     26%         3    #......
 Petrify                  Tmut/Erth      #.......     63%         4    ###....
 Metabolic Englaciation   Hex/Ice        #.........   93%         5    #####..
 Yara's Violent Unravell  Hex/Tmut       #.........   93%         5    #####..


Dungeon Overview and Level Annotations

Branches:
Dungeon (8/15)             Temple (1/1) D:5
   Lair: D:8-11

Altars:
Ashenzari
Cheibriados
Dithmenos
Elyvilon
Fedhas
Gozag
Hepliaklqana
Kikubaaqudgha
Makhleb
Nemelex Xobeh
Okawaru
Qazlal
Ru
Sif Muna
Trog
Uskayaw
Vehumet
Wu Jian
Xom
Yredelemnul
Zin
The Shining One

Annotations:
D:5 2 transporters, Trobe's ghost, novice HOAK
D:8 Psyche


Innate Abilities, Weirdness & Mutations

You cannot wear most types of armour.
You are very stealthy in the water. (Stealth+)
You are amphibious.
You can wear up to eight rings at the same time.
You can use your tentacles to constrict eight enemies at once.
Your skin changes colour to match your surroundings (Stealth+).
Your rubbery body absorbs attacks. (AC +1, EV +1)


Message History

The slime creature barely misses you.
A slime creature suddenly becomes a large slime creature.
There is a stone staircase leading down here.
There is an escape hatch in the ceiling here.
Casting: Blink (safe; 1% risk of failure)
Confirm with . or Enter, or press ? or * to list all spells.
Aiming: Conjure Flame (safe; 2% risk of failure)
Press: ? - help, Dir - move target cursor You feel a surge of power!
The fire ignites!
Wield which item (- for none, * to show all)? (? for menu, Esc to quit)
Okay, then.
You feel better.
The large slime creature is engulfed in blazing flames.
The large slime creature hits you!
* * * LOW HITPOINT WARNING * * *
You feel very mighty all of a sudden.
The large slime creature is engulfed in blazing flames.
The large slime creature hits you!!!
Ouch! That really hurt!
You die...

#.#### #^# #.# #.#
#.# #.#
#>########.#
#..........#
#......#####
#J####.# #
#.####.# #####.#
#...>..# #.J@..#
#####..## #<#####
##...## ##.#
##.....###..######
#.................
##.....###.#######
# ..# ##...## #.#
#.# #.# #..## #.#
####.#### #.# #.##
#.# #.......# #.#


You could see a large slime creature.

Vanquished Creatures
  Harold (D:7)
  An unseen horror (D:11)
  Grinder (D:5)
  A hippogriff (D:7)
  A shadow (D:11)
  2 orc warriors
  An ice beast (D:7)
  2 phantoms
  2 centaurs
  2 ogres
  A crocodile (D:8)
  An elf zombie (D:7)
  4 bullfrogs
  An elf skeleton (D:7)
  A water moccasin zombie (D:8)
  A scorpion (D:4)
  A water moccasin skeleton (D:7)
  7 wights
  5 killer bees (D:7)
  2 howler monkeys
  3 crimson imps
  2 human zombies (D:7)
  A hound (D:7)
  2 jellies (D:6)
  6 orc wizards
  3 orc priests
  2 bullfrog skeletons
  A human skeleton (D:7)
  An iguana (D:8)
  6 worker ants
  An ogre zombie (D:7)
  A hound zombie (D:6)
  2 hound skeletons
  4 mummies (D:7)
  A worker ant zombie (D:7)
  Robin (D:4)
  9 adders
  4 gnolls
  A shadow imp (D:7)
  An ooze (D:3)
  An adder zombie (D:7)
  2 worms
  4 dart slugs
  7 leopard geckos
  21 orcs
  15 giant cockroaches
  11 goblins
  8 hobgoblins
  2 jackals (D:7)
  4 quokkas
  4 bats
  7 frilled lizards
  6 kobolds
  A quokka skeleton (D:6)
  A quokka zombie (D:5)
  4 rats
188 creatures vanquished.

Vanquished Creatures (collateral kills)
  A necrophage (D:6)
  A sky beast (D:5)
  An ogre (D:6)
  A phantom (D:4)
  2 howler monkeys (D:8)
  A hound (D:6)
  A centaur zombie (D:5)
  An orc priest (D:3)
  A gnoll shaman (D:2)
  An iguana (D:5)
  6 gnolls
  4 adders
  An ooze (D:4)
  A worm (D:4)
  4 orcs (D:3)
  2 giant cockroaches
  2 hobgoblins
  A quokka (D:7)
  4 goblins (D:4)
  A leopard gecko skeleton (D:5)
37 creatures vanquished.

Vanquished Creatures (others)
  5 dream sheep (D:6)
  An orc wizard (D:6)
  4 plants (D:5)
10 creatures vanquished.

Grand Total: 235 creatures vanquished

Notes
Turn   | Place    | Note
-------+----------+-------------------------------------------
     0 | D:1      | Folks the Octopode Wizard began the quest for the Orb.
     0 | D:1      | Reached XP level 1. HP: 11/11 MP: 4/4
   214 | D:1      | Reached skill level 1 in Fighting
   214 | D:1      | Reached XP level 2. HP: 13/18 MP: 6/6
   469 | D:1      | Learned a level 2 spell: Blink
   472 | D:1      | Learned a level 2 spell: Call Imp
   592 | D:1      | Reached XP level 3. HP: 22/24 MP: 7/7
   671 | D:2      | Noticed an ogre
   926 | D:2      | Reached skill level 2 in Conjurations
   929 | D:2      | Reached XP level 4. HP: 25/29 MP: 2/9
  1085 | D:2      | Learned a level 3 spell: Mephitic Cloud
  1342 | D:2      | Reached XP level 5. HP: 34/34 MP: 5/10
  2147 | D:2      | Learned a level 3 spell: Gell's Gravitas
  2228 | D:3      | Reached skill level 1 in Poison Magic
  2551 | D:3      | Reached skill level 3 in Conjurations
  2779 | D:3      | Found a glowing silver altar of Zin.
  2787 | D:3      | Found a stormy altar of Qazlal.
  3036 | D:3      | Reached XP level 6. HP: 31/39 MP: 2/11
  3353 | D:4      | Noticed Robin
  3409 | D:4      | Killed Robin
  3456 | D:4      | Noticed a phantom
  3490 | D:4      | Killed a phantom
  3490 | D:4      | Reached skill level 1 in Air Magic
  3977 | D:4      | Found an iron altar of Okawaru.
  4334 | D:4      | Found a burning altar of Makhleb.
  4980 | D:4      | Reached XP level 7. HP: 45/45 MP: 7/12
  5034 | D:5      | Entered Level 5 of the Dungeon
  5101 | D:5      | Identified the cursed +1 spear "Juiwoq" {vamp, rPois rN+
                  | MR+++ Stlth-}
  5172 | D:5      | Found a transporter.
  5172 | D:5      | Found a transporter.
  5181 | D:5      | Noticed Trobe's ghost (novice HOAK)
  5392 | D:5      | Found a staircase to the Ecumenical Temple.
  5461 | Temple   | Entered the Ecumenical Temple
  5654 | Temple   | Became a worshipper of Sif Muna the Loreminder
  5790 | D:5      | Noticed Grinder
  5902 | D:5      | Killed Grinder
  5930 | D:5      | Learned a level 3 spell: Conjure Flame
  6066 | D:5      | Reached XP level 8. HP: 50/50 MP: 3/14
  6160 | D:5      | Found a glowing golden altar of the Shining One.
  6186 | D:5      | Found a sacrificial altar of Ru.
  6335 | D:6      | Reached skill level 5 in Translocations
  6737 | D:6      | Reached * piety under Sif Muna
  6737 | D:6      | Reached skill level 1 in Slings
  6737 | D:6      | Reached skill level 1 in Fire Magic
  6807 | D:6      | Noticed a dream sheep
  6807 | D:6      | Noticed a dream sheep
  6807 | D:6      | Noticed a dream sheep
  6807 | D:6      | Noticed a dream sheep
  6807 | D:6      | Noticed a dream sheep
  6807 | D:6      | Found a shimmering altar of Xom.
  6811 | D:6      | Killed a dream sheep
  6811 | D:6      | Killed a dream sheep
  6811 | D:6      | Killed a dream sheep
  6811 | D:6      | Killed a dream sheep
  6814 | D:6      | Killed a dream sheep
  6981 | D:6      | Found an opulent altar of Gozag.
  7092 | D:6      | Reached skill level 5 in Summonings
  7470 | D:6      | Reached XP level 9. HP: 34/54 MP: 5/15
  8157 | D:7      | Learned a level 2 spell: Searing Ray
  8738 | D:7      | Reached ** piety under Sif Muna
  8989 | D:7      | Reached skill level 4 in Conjurations
  9675 | D:7      | Reached skill level 5 in Conjurations
  9803 | D:7      | Found a basalt altar of Yredelemnul.
  9834 | D:7      | Reached skill level 5 in Spellcasting
 10223 | D:7      | Noticed Harold
 10241 | D:7      | Killed Harold
 10241 | D:7      | Reached skill level 5 in Slings
 10241 | D:7      | Reached skill level 6 in Conjurations
 10241 | D:7      | Reached XP level 10. HP: 24/60 MP: 1/18
 10648 | D:7      | Found a shadowy altar of Dithmenos.
 10824 | D:8      | Noticed Psyche
 10860 | D:8      | Reached *** piety under Sif Muna
 10866 | D:8      | HP: 2/60 [orc warrior/+0 short sword (19)]
 10895 | D:8      | Reached skill level 7 in Conjurations
 11007 | D:8      | Reached skill level 1 in Invocations
 11040 | D:8      | You fall through a shaft for 3 floors!
 11276 | D:11     | Noticed an unseen horror
 11287 | D:11     | Killed an unseen horror
 11711 | D:11     | Annihilated by a large slime creature

Skill      XL: |  1  2  3  4  5  6  7  8  9 10 |
---------------+-------------------------------+-----
Fighting       | 1 2 |  2.0
Conjurations   | 2 3 6 7 |  7.4
Summonings     | 2 5 6 |  6.1
Poison Magic   | 2 |  2.1
Translocations | 3 4 5 |  5.2
Air Magic      | 1 2 |  2.1
Dodging        | 3 4 |  4.1
Spellcasting   | 4 5 6 |  6.1
Slings         | 2 5 |  5.1
Fire Magic     | 2 3 |  3.1
Invocations    | 3 |  3.0
Stealth        | |  2.6

Action                   |  1- 3 |  4- 6 |  7- 9 | 10-12 || total
-------------------------+-------+-------+-------+-------++-------
Melee: Dagger            |    55 |     4 |       |       ||    59
       Constrict         |    17 |    20 |    39 |    14 ||    90
       Tentacles         |    12 |     9 |    22 |     5 ||    48
       Halberd           |       |    89 |       |       ||    89
       Mace              |       |    29 |    98 |       ||   127
       Long sword        |       |       |    70 |    28 ||    98
 Fire: Hunting sling     |       |    36 |    96 |    14 ||   146
Throw: Javelin           |       |       |     1 |       ||     1
 Cast: Magic Dart        |    14 |    25 |     9 |       ||    48
       Call Imp          |     8 |    22 |    31 |     3 ||    64
       Blink             |     1 |     5 |     8 |     3 ||    17
       Gell's Gravitas   |       |     4 |    39 |    12 ||    55
       Conjure Flame     |       |       |    19 |    10 ||    29
       Mephitic Cloud    |       |       |     7 |    11 ||    18
       Searing Ray       |       |       |    13 |     4 ||    17
Invok: Divine Energy     |       |       |     1 |       ||     1
Evoke: Wand              |       |       |     1 |       ||     1
  Use: Scroll            |       |     5 |     1 |     3 ||     9
       Potion            |       |       |     4 |     3 ||     7
 Stab: Sleeping          |     4 |    11 |     6 |       ||    21
       Distracted        |       |     1 |     1 |       ||     2
       Confused          |       |       |     1 |     1 ||     2
  Eat: Chunk             |       |    14 |    13 |     4 ||    31
       Ration            |       |       |     2 |       ||     2
Armor: Skin              |    11 |    20 |    62 |       ||    93
Dodge: Dodged            |    39 |    86 |   162 |    34 ||   321
       Rpst.: Long sword |       |       |    15 |     8 ||    23
